 Seeded DCSS version 0.29-a0-923-g6e406bff71 (webtiles) character file.

Game seed: 20220728 (custom seed)

268 purpskrrrp the Cudgeller (level 6, 0/38 HPs)
             Began as a Gargoyle Monk on July 28, 2022.
             Was a Priest of Makhleb.
             Slain by an acid dragon (1 damage)
             ... on level 4 of the Dungeon.
             The game lasted 00:08:51 (3844 turns).

purpskrrrp the Cudgeller (Gargoyle Monk)            Turns: 3844, Time: 00:08:52

Health: 0/38       AC: 19    Str: 16    XL:     6   Next: 21%
Magic:  7/7        EV: 10    Int: 11    God:    Makhleb [***...]
Gold:   155        SH:  0    Dex: 12    Spells: 5/5 levels left

rFire   + . .      SeeInvis .   d - +0 flail (protect)
rCold   . . .      Faith    .   (no shield)
rNeg    + . .      Spirit   .   g - +0 scale mail {rF+}
rPois   ∞          Reflect  .   r - +0 helmet
rElec   +          Harm     .   (no cloak)
rCorr   .          Rampage  .   (no gloves)
Will    .....                   (no boots)
Stlth   +.........              (no amulet)
HPRegen 0.12/turn               (no ring)
MPRegen 0.10/turn               (no ring)

@: under a protective aura
A: sickness immunity, AC +4, negative energy resistance 1, electricity
resistance, torment resistance 1, petrification resistance
a: Renounce Religion, Minor Destruction, Lesser Servant of Makhleb


You were on level 4 of the Dungeon.
You worshipped Makhleb.
Makhleb was most pleased with you.
You visited 1 branch of the dungeon, and saw 4 of its levels.

You collected 155 gold pieces.

Inventory:

Hand Weapons
 a - a +0 vorpal mace
 d - a +0 flail of protection (weapon)
Missiles
 f - 6 boomerangs (quivered)
 o - 3 javelins
Armour
 b - a +0 robe
 g - a +0 scale mail of fire resistance (worn)
 r - a +0 helmet (worn)
Wands
 k - a wand of digging (4)
 s - a wand of charming (10)
 t - a wand of roots (8)
Scrolls
 c - a scroll of enchant armour {unknown}
 e - a scroll of immolation {unknown}
 h - a scroll of teleportation {unknown}
 i - a scroll of fog {unknown}
 j - 7 scrolls of identify {unknown}
 l - 2 scrolls of blinking {unknown}
 m - a scroll of amnesia {unknown}
 n - 2 scrolls of magic mapping {unknown}
 p - a scroll of fear {unknown}
 q - 2 scrolls of silence {unknown}


   Skills:
 + Level 4.1 Fighting
 * Level 5.1 Maces & Flails
 + Level 2.3 Armour
 - Level 2.5 Dodging
 + Level 2.8 Stealth
 * Level 2.0 Invocations


You had 5 spell levels left.
You didn't know any spells.
Your spell library was empty.

Dungeon Overview and Level Annotations

Branches:
Dungeon (4/15)
 Temple: D:4-7

Altars:
Makhleb
Trog

Annotations:
D:3 3 runed translucent doors, porpoise's ghost, amateur MfGl


Innate Abilities, Weirdness & Mutations

You are immune to sickness and miasma.
Your stone body is resilient. (AC +4)
You are immune to poison.
You resist negative energy. (rN+)
You are resistant to electric shocks. (rElec)
You are resistant to unholy torment.
You are immune to petrification.


Message History

Makhleb accepts your kill.
Items here: ))) [ †.
You barely miss the giant cockroach. The giant cockroach closely misses you.
You barely miss the giant cockroach.
The giant cockroach bites you but does no damage. x2
You sock the giant cockroach!
Your weapon exudes an aura of protection.
You kill the giant cockroach!
Makhleb accepts your kill.
You see here a giant cockroach corpse.
You see here a giant cockroach corpse.
There is an open door here.
You open the door.
An acid dragon comes into view.
Found a stone staircase leading up.
Throw: 6 boomerangs
Press: ? - help, Q - select action, (/) - cycle Shift-Dir - straight line, f - acid dragon
Aim: an acid dragon (59% to hit)
You throw a boomerang.
The boomerang completely misses the acid dragon.
Throw: 6 boomerangs
Press: ? - help, Q - select action, (/) - cycle Shift-Dir - straight line, f/p - acid dragon
Aim: an acid dragon (59% to hit)
You throw a boomerang.
The boomerang hits the acid dragon but does no damage.
The acid dragon spits acid at you. The splash of acid hits you!!
Ouch! That really hurt!
* * * LOW HITPOINT WARNING * * *
A demon appears!
The acid dragon attacks as you move away!
The acid dragon bites you.
* * * LOW HITPOINT WARNING * * *
The acid dragon claws you but does no damage.
You hit the acid dragon but do no damage.
Your weapon exudes an aura of protection.
The acid dragon bites you.
* * * LOW HITPOINT WARNING * * *
The acid dragon claws you.
You die...

.... ..#.............
.....####.......÷..)..
#..........##'######..
#..........#....# #..
#..........'....# #..
+..........#....# #..
..........#.#### #..
#+##....###.## #.. .
+..#@...+....# ### ..
#..#D...#....# ...
#..+3...#....# ....
#..#....#..####### .....
#..#.............#
......#....###[###.....#
...<..'....#.....#.....#
......#....#.....#.....#
.....#####...>.........#


You could see an acid dragon (ally target) and a friendly smoke demon
(summoned).

Vanquished Creatures
  3 gnolls (D:2)
  5 adders
  5 orcs
  3 bats
  6 endoplasms
  3 giant cockroaches
  5 goblins
  7 hobgoblins
  5 kobolds
  2 quokkas
  4 ball pythons
  3 rats
51 creatures vanquished.

Vanquished Creatures (collateral kills)
  Eustachio (D:4)
1 creature vanquished.

Vanquished Creatures (others)
  4 fungi (D:3)
4 creatures vanquished.

Grand Total: 56 creatures vanquished

Notes
Turn   | Place    | Note
-------+----------+-------------------------------------------
     0 | D:1      | purpskrrrp the Gargoyle Monk began the quest for the Orb.
     0 | D:1      | Reached XP level 1. HP: 14/14 MP: 1/1
   341 | D:1      | Reached XP level 2. HP: 19/19 MP: 2/2
   418 | D:1      | Found a faded altar of an unknown god.
   530 | D:1      | Prayed at the altar of an unknown god.
   530 | D:1      | Became a worshipper of Makhleb the Destroyer
   530 | D:1      | Reached * piety under Makhleb
   530 | D:1      | Reached ** piety under Makhleb
  1689 | D:2      | Reached XP level 3. HP: 24/24 MP: 3/3
  2097 | D:2      | Reached skill level 4 in Maces & Flails
  2100 | D:2      | Reached skill level 1 in Invocations
  2100 | D:2      | Reached XP level 4. HP: 13/29 MP: 4/4
  2494 | D:3      | Found a runed translucent gate.
  2494 | D:3      | Noticed a kobold brigand
  2559 | D:3      | Reached skill level 1 in Armour
  2727 | D:3      | Found a runed translucent gate.
  2727 | D:3      | Noticed porpoise's ghost (amateur MfGl)
  2728 | D:3      | Found a runed translucent gate.
  2813 | D:3      | Reached *** piety under Makhleb
  3391 | D:4      | Noticed Eustachio
  3427 | D:4      | Killed Eustachio
  3428 | D:4      | Reached skill level 5 in Maces & Flails
  3428 | D:4      | Reached XP level 5. HP: 11/33 MP: 4/6
  3428 | D:4      | Reached XP level 6. HP: 12/38 MP: 4/7
  3747 | D:4      | Found a bloodstained altar of Trog.
  3833 | D:4      | Noticed an acid dragon
  3844 | D:4      | HP: 1/38 [acid dragon (3)]
  3844 | D:4      | Slain by an acid dragon

Illustrated notes

Levels and vault maps discovered:
D:1:      dpeg_arrival_erosion, layout_basic, ebering_ecumenical_altar_abandoned
D:2:      layout_basic
D:3:      layout_loops_ring, gammafunk_ghost_nasty_kobolds
D:4:      layout_gridville, lemuel_tele_altar, st_stairs_3, uniq_eustachio

Skill      XL: |  1  2  3  4  5  6 |
---------------+-------------------+-----
Maces & Flails | 4 5 |  5.1
Invocations    | 1 2 |  2.0
Armour         | 2 |  2.3
Fighting       | 4 |  4.1
Dodging        | |  2.5
Stealth        | |  2.8

Action                   |  1- 3 |  4- 6 || total
-------------------------+-------+-------++-------
Melee: Mace              |    93 |       ||    93
       Punch             |     2 |       ||     2
       Flail             |       |   121 ||   121
Throw: Boomerang         |       |     2 ||     2
Invok: Lesser Servant of |       |     2 ||     2
  Use: Scroll            |     1 |       ||     1
       Potion            |     3 |     3 ||     6
 Stab: Sleeping          |     4 |       ||     4
       Invisible         |     3 |       ||     3
Armor: Robe              |    14 |       ||    14
       Scale mail        |    27 |   121 ||   148
Dodge: Dodged            |    72 |   107 ||   179

Table legend: (Time is in decaauts)
 A = Elapsed time spent in this place.
 B = Non-inter-level travel time spent in this place.
 C = Inter-level travel time spent in this place.
 D = Time resting spent in this place.
 E = Time spent auto-exploring this place.
 F = Levels seen in this place.
 G = Mean time per level.
                   A        B        C        D        E       F      G
               +--------+--------+--------+--------+--------+-----+--------+
         Total |   3886 |   3656 |    230 |    210 |   2757 |   4 |  971.5 |
       Dungeon |   3886 |   3656 |    230 |    210 |   2757 |   4 |  971.5 |
               +--------+--------+--------+--------+--------+-----+--------+

Top non-repeatable levels by time:
     D:1: 1421 daAuts
     D:2: 1062 daAuts
     D:3: 834 daAuts
     D:4: 568 daAuts
